 Dungeon Crawl Stone Soup version 0.26-a0-487-gbff1e92059 (webtiles) character file.

Game seed: 12104240374502044310

11 Infinimo the Firebug (level 2, -4/15 HPs)
             Began as a Tengu Fire Elementalist on Aug 1, 2020.
             Slain by a hobgoblin
             ... wielding a +0 club
              (5 damage)
             ... on level 1 of the Dungeon.
             The game lasted 00:00:32 (456 turns).

Infinimo the Firebug (Tengu Fire Elementalist)       Turns: 456, Time: 00:00:32

Health: -4/15      AC:  2    Str:  8    XL:     2   Next: 25%
Magic:  5/6        EV: 12    Int: 15    God:
Gold:   22         SH:  0    Dex: 14    Spells: 4/5 levels left

rFire    . . .     SeeInvis .   (no weapon)
rCold    . . .     Faith    .   (no shield)
rNeg     . . .     Spirit   .   a - +0 robe
rPois    .         Reflect  .   (helmet restricted)
rElec    .         Harm     .   (no cloak)
rCorr    .                      (no gloves)
MR       .....                  (boots unavailable)
Stlth    ++........             (no amulet)
HPRegen  0.05/turn              (no ring)
MPRegen  0.10/turn              (no ring)

@: no status effects
A: beak, talons 3
a: no special abilities


You were on level 1 of the Dungeon.
You visited 1 branch of the dungeon, and saw 1 of its levels.

You collected 22 gold pieces.

Inventory:

Armour
 a - a +0 robe (worn)
Jewellery
 c - an uncursed amulet of reflection {unknown}


   Skills:
 - Level 2.1 Dodging
 - Level 2.0 Stealth
 + Level 2.1 Spellcasting
 * Level 2.2 Conjurations
 * Level 3.6 Fire Magic


You had 4 spell levels left.
You knew the following spells:

 Your Spells              Type           Power        Failure   Level
a - Foxfire               Conj/Fire      ##..         7%          1

Your spell library contained the following spells:

 Spells                   Type           Power        Failure   Level
 Conjure Flame            Conj/Fire      ##......     21%         3
 Inner Flame              Hex/Fire       #.......     30%         3
 Sticky Flame             Conj/Fire      ##......     54%         4
 Fireball                 Conj/Fire      ##........   88%         5


Dungeon Overview and Level Annotations

Branches:
Dungeon (1/15)

Altars:


Innate Abilities, Weirdness & Mutations

You have a beak for a mouth.
You have claws for feet.


Message History

As you read the scroll labeled ESUMU CYZXIO, it crumbles to dust.
The creatures around you are filled with an inner flame!
It was a scroll of immolation.
The jackal stops to sniff the ground.
The jackal bites you.
* * * LOW HITPOINT WARNING * * *
The jackal bites you.
* * * LOW HITPOINT WARNING * * *
The kobold's inner flame fades away.
The hobgoblin's inner flame fades away.
The jackal's inner flame fades away.
Casting: Foxfire (safe; 7% risk of failure)
Confirm with . or Enter, or press ? or * to list all spells.
You conjure some foxfire!
The jackal bites you.
* * * LOW HITPOINT WARNING * * *
The foxfire hits the jackal.
The jackal is severely wounded.
The foxfire hits the jackal.
You kill the jackal!
The hobgoblin hits you with a +0 club.
You die...

#....####.###........#
#....'....# #.#.####.#
#....########.#.# .#
#...)###...##.#.####.#
#...#.........#......#
#.###.##...........###
#.# #.###.########(#
#.# #.# #.#.#.ยง..K(#
#(# #.# #.#....@g#.#
#.# #.# #.#.#.#..#.#
#.# #.# #...#.#..#g#
#.# #.# #.###.#..#K#
#.# #.# #.# #.#..#.#
#.###.#######.#..#.#
#.............#..#.#
#####.###..####..#.#
#.# #..# #..#.#


You could see a hobgoblin and a kobold.

Vanquished Creatures
  A goblin (D:1)
  4 jackals (D:1)
  A kobold (D:1)
  2 ball pythons (D:1)
  A bat (D:1)
  A rat (D:1)
10 creatures vanquished.

Vanquished Creatures (others)
  31 foxfires (D:1)
31 creatures vanquished.

Grand Total: 41 creatures vanquished

Notes
Turn   | Place    | Note
-------+----------+-------------------------------------------
     0 | D:1      | Infinimo the Tengu Fire Elementalist began the quest for
                  | the Orb.
     0 | D:1      | Reached XP level 1. HP: 10/10 MP: 4/4
   403 | D:1      | Reached XP level 2. HP: 15/15 MP: 0/6
   456 | D:1      | Slain by a hobgoblin

Illustrated notes

Levels and vault maps discovered:
D:1:      lemuel_arrival_broad_hall, layout_basic, ashenzari_altar_1

Skill      XL: |  1 |
---------------+----+-----
Conjurations   | 2 |  2.2
Dodging        | |  2.1
Stealth        | |  2.0
Spellcasting   | |  2.1
Fire Magic     | |  3.6

Action                   || total
-------------------------++-------
Melee: Unarmed           ||    16
       Kick              ||     5
       Peck              ||     2
 Cast: Foxfire           ||    20
  Use: Scroll            ||     1
 Stab: Sleeping          ||     1
Armor: Robe              ||    10
Dodge: Dodged            ||    34

Table legend: (Time is in decaauts)
 A = Elapsed time spent in this place.
 B = Non-inter-level travel time spent in this place.
 C = Inter-level travel time spent in this place.
 D = Time resting spent in this place.
 E = Time spent auto-exploring this place.
 F = Levels seen in this place.
 G = Mean time per level.
                   A        B        C        D        E       F      G
               +--------+--------+--------+--------+--------+-----+--------+
         Total |    456 |    456 |      0 |      0 |    344 |   1 |  456.0 |
       Dungeon |    456 |    456 |      0 |      0 |    344 |   1 |  456.0 |
               +--------+--------+--------+--------+--------+-----+--------+

Top non-repeatable levels by time:
     D:1: 456 daAuts
